TOP OF THE 1ST |
Missoula Osprey batting - Pitching for San Francisco (APP) Giants : RHP Carlos Solis
|
Pitching: RHP Carlos Solis
|
|
Batting: LHB Danny Salas
|
0-0: Swinging Strike 0-1: Foul Ball, location: 2F 0-2: Foul Ball, location: 2F 0-2: Ball 1-2: Ball 2-2: DOUBLE (Groundball, 3L, EV 100.6 MPH)
|
Batting: RHB Hyeok Shon
|
0-0: Foul Ball, location: 2F 0-1: Ball 1-1: Swinging Strike 1-2: DOUBLE (Groundball, 5L, EV 106.9 MPH) Danny Salas scores
|
Batting: RHB Claude Leduc
|
0-0: Fly out, F8 (Flyball, 78M, EV 84.4 MPH)
|
Batting: RHB Jose Cuellar
|
0-0: Ball 1-0: Foul Ball, location: 2F 1-1: Swinging Strike 1-2: Ball 2-2: Foul Ball, location: 2F 2-2: Ball 3-2: Strikes out swinging
|
Batting: LHB Angelo Lira
|
0-0: Ball Hyeok Shon is caught stealing 3rd base 2-5
|
Top of the 1st over - 1 run, 2 hits, 0 errors, 0 left on base; Missoula 1 - San Francisco (APP) 0 |
BOTTOM OF THE 1ST |
San Francisco (APP) Giants batting - Pitching for Missoula Osprey : RHP Xavier Reed
|
Pitching: RHP Xavier Reed
|
|
Batting: RHB Vinny Torres
|
0-0: Swinging Strike 0-1: Called Strike 0-2: Ball 1-2: SINGLE (Groundball, 34D, EV 94.4 MPH)
|
Batting: RHB Coen Dirks
|
0-0: Ball 1-0: Grounds into double play, 4-6-3 (Groundball, 4, EV 84.4 MPH)
|
Pitching: RHP Ricky Ramos
|
|
Batting: RHB Zach Maguire
|
0-0: Ball 1-0: Ball 2-0: Ball 3-0: Fly out, F3 (Popup, 3F, EV 62.5 MPH)
|
Bottom of the 1st over - 0 runs, 1 hit, 0 errors, 0 left on base; Missoula 1 - San Francisco (APP) 0 |
TOP OF THE 2ND |
Missoula Osprey batting - Pitching for San Francisco (APP) Giants : RHP Carlos Solis
|
Batting: LHB Angelo Lira
|
0-0: Ball 1-0: Foul Ball, location: 2F 1-1: Ground out U3 (Groundball, 13, EV 83.1 MPH)
|
Batting: RHB David Powell
|
0-0: Foul Ball, location: 2F 0-1: Swinging Strike 0-2: Foul Ball, location: 2F 0-2: Strikes out swinging
|
Batting: RHB Shing Mah
|
0-0: Fly out, F9 (Flyball, 9LS, EV 84.4 MPH)
|
Top of the 2nd over - 0 runs, 0 hits, 0 errors, 0 left on base; Missoula 1 - San Francisco (APP) 0 |
BOTTOM OF THE 2ND |
San Francisco (APP) Giants batting - Pitching for Missoula Osprey : RHP Ricky Ramos
|
Batting: RHB Tsugio Yamaguchi
|
0-0: Called Strike 0-1: Foul Ball, location: 2F 0-2: SINGLE (Line Drive, 89S, EV 93.1 MPH)
|
Batting: RHB Jaime Rios
|
0-0: Swinging Strike 0-1: 2-RUN HOME RUN (Flyball, 78XD, EV 104.4 MPH), Distance : 417 ft
|
Batting: LHB Dennis Jones
|
0-0: Ball 1-0: Ball 2-0: Swinging Strike 2-1: Foul Ball, location: 2F 2-2: Foul Ball, location: 2F 2-2: Ball 3-2: Foul Ball, location: 2F 3-2: Foul Ball, location: 2F 3-2: Foul Ball, location: 2F 3-2: Ground out 4-3 (Groundball, 34, EV 105.6 MPH)
|
Batting: RHB Adrian Franz
|
0-0: Called Strike 0-1: Ball 1-1: Ball 2-1: Swinging Strike 2-2: Strikes out swinging
|
Batting: RHB Noe Oliva
|
0-0: Ball 1-0: Ball 2-0: Ball 3-0: Base on Balls
|
Batting: RHB Jonathan Hemsley
|
0-0: Ball Noe Oliva steals 2nd base 1-0: Ball 2-0: Ball 3-0: Base on Balls
|
Batting: RHB Vinny Torres
|
0-0: Called Strike Balk! Noe Oliva to third Jonathan Hemsley to second 0-1: Ball 1-1: Foul Ball, location: 2F 1-2: Fly out, F9 (Line Drive, 9, EV 98.1 MPH)
|
Bottom of the 2nd over - 2 runs, 2 hits, 0 errors, 2 left on base; Missoula 1 - San Francisco (APP) 2 |
TOP OF THE 3RD |
Missoula Osprey batting - Pitching for San Francisco (APP) Giants : RHP Carlos Solis
|
Batting: RHB Hector Tabares
|
0-0: Ball 1-0: Called Strike 1-1: Ball 2-1: SINGLE (Groundball, 34D, EV 107.5 MPH)
|
Batting: LHB Adam Spence
|
0-0: Called Strike 0-1: Foul Ball, location: 2F 0-2: Ball 1-2: Strikes out swinging
|
Batting: LHB Danny Salas
|
0-0: Ball 1-0: Called Strike 1-1: Ball 2-1: Foul Ball, location: 2F 2-2: Foul Ball, location: 2F 2-2: Foul Ball, location: 2F 2-2: Grounds out, U3 (Groundball, 3L, EV 80.0 MPH)
|
Batting: RHB Hyeok Shon
|
0-0: Foul Ball, location: 2F 0-1: Called Strike 0-2: Ball 1-2: Foul Ball, location: 2F 1-2: Foul Ball, location: 2F 1-2: Foul Ball, location: 2F 1-2: Ground out 4-3 (Groundball, 4, EV 81.2 MPH)
|
Top of the 3rd over - 0 runs, 1 hit, 0 errors, 1 left on base; Missoula 1 - San Francisco (APP) 2 |
BOTTOM OF THE 3RD |
San Francisco (APP) Giants batting - Pitching for Missoula Osprey : RHP Ricky Ramos
|
Batting: RHB Coen Dirks
|
0-0: Ball 1-0: Ground out 4-3 (Groundball, 34, EV 102.5 MPH)
|
Batting: RHB Zach Maguire
|
0-0: Called Strike 0-1: Foul Ball, location: 2F 0-2: Strikes out swinging
|
Batting: RHB Tsugio Yamaguchi
|
0-0: Ball 1-0: SINGLE (Groundball, 34D, EV 94.4 MPH)
|
Batting: RHB Jaime Rios
|
0-0: Called Strike Tsugio Yamaguchi steals 2nd, throwing error, E2 Tsugio Yamaguchi to third 0-1: SINGLE (Groundball, 6MD, EV 103.8 MPH) Tsugio Yamaguchi scores
|
Batting: LHB Dennis Jones
|
0-0: Foul Ball, location: 2F 0-1: Called Strike 0-2: Ground out 4-3 (Groundball, 4, EV 85.6 MPH)
|
Bottom of the 3rd over - 1 run, 2 hits, 1 error, 1 left on base; Missoula 1 - San Francisco (APP) 3 |
TOP OF THE 4TH |
Missoula Osprey batting - Pitching for San Francisco (APP) Giants : RHP Carlos Solis
|
Batting: RHB Claude Leduc
|
0-0: Ball 1-0: Foul Ball, location: 2F 1-1: Ball 2-1: Ball 3-1: Called Strike 3-2: SINGLE (Flyball, 78S, EV 93.8 MPH)
|
Batting: RHB Jose Cuellar
|
0-0: Ball 1-0: Foul Ball, location: 2F 1-1: Foul Ball, location: 2F 1-2: Ball 2-2: 2-RUN HOME RUN (Flyball, 7LD, EV 96.9 MPH), Distance : 351 ft
|
Batting: LHB Angelo Lira
|
0-0: Ball 1-0: Called Strike 1-1: Ball 2-1: Ball 3-1: Base on Balls
|
Batting: RHB David Powell
|
0-0: Ball 1-0: Fly out, F7 (Flyball, 7D, EV 86.2 MPH)
|
Batting: RHB Shing Mah
|
0-0: Ball 1-0: Called Strike Angelo Lira steals 2nd base 1-1: Ground out 4-3 (Groundball, 4, EV 81.9 MPH) Angelo Lira to third
|
Batting: RHB Hector Tabares
|
0-0: Ball 1-0: Ball 2-0: Called Strike 2-1: Ground out 4-3 (Groundball, 4, EV 89.4 MPH)
|
Top of the 4th over - 2 runs, 2 hits, 0 errors, 1 left on base; Missoula 3 - San Francisco (APP) 3 |
BOTTOM OF THE 4TH |
San Francisco (APP) Giants batting - Pitching for Missoula Osprey : RHP Ricky Ramos
|
Batting: RHB Adrian Franz
|
0-0: Ball 1-0: Ball 2-0: Called Strike 2-1: Ball 3-1: Ground out 4-3 (Groundball, P, EV 90.6 MPH)
|
Batting: RHB Noe Oliva
|
0-0: Swinging Strike 0-1: Ball 1-1: Ball 2-1: Reached on error, E6 (Groundball, 6, EV 83.8 MPH)
|
Batting: RHB Jonathan Hemsley
|
0-0: Foul Ball, location: 2F 0-1: Ball 1-1: Called Strike Noe Oliva steals 3rd base 1-2: Foul Ball, location: 2F 1-2: Ball 2-2: Foul Ball, location: 2F 2-2: Strikes out swinging
|
Pitching: RHP Jon Wernli
|
|
Batting: RHB Vinny Torres
|
0-0: Ball 1-0: Ball 2-0: Foul Ball, location: 2F 2-1: Ball 3-1: Ground out 6-3 (Groundball, 6, EV 89.4 MPH)
|
Bottom of the 4th over - 0 runs, 0 hits, 1 error, 1 left on base; Missoula 3 - San Francisco (APP) 3 |
TOP OF THE 5TH |
Missoula Osprey batting - Pitching for San Francisco (APP) Giants : RHP Carlos Solis
|
Batting: LHB Adam Spence
|
0-0: Ball 1-0: Swinging Strike 1-1: Foul Ball, location: 2F 1-2: Ball 2-2: Strikes out looking
|
Pitching: RHP Josh Henderson
|
|
Batting: LHB Danny Salas
|
0-0: Ball 1-0: Foul Ball, location: 2F 1-1: Ball 2-1: Fly out, F8 (Flyball, 8RD, EV 103.1 MPH)
|
Batting: RHB Hyeok Shon
|
0-0: Called Strike 0-1: Swinging Strike 0-2: Fly out, F6 (Line Drive, 6MD, EV 68.8 MPH)
|
Top of the 5th over - 0 runs, 0 hits, 0 errors, 0 left on base; Missoula 3 - San Francisco (APP) 3 |
BOTTOM OF THE 5TH |
San Francisco (APP) Giants batting - Pitching for Missoula Osprey : RHP Jon Wernli
|
Batting: RHB Coen Dirks
|
0-0: Ball 1-0: Swinging Strike 1-1: SINGLE (Groundball, 25, EV 73.8 MPH) (infield hit)
|
Batting: RHB Zach Maguire
|
0-0: Called Strike 0-1: Ball 1-1: Ball 2-1: Swinging Strike 2-2: Ball 3-2: Strikes out swinging
|
Batting: RHB Tsugio Yamaguchi
|
0-0: Called Strike 0-1: SINGLE (Groundball, 34S, EV 85.0 MPH) (infield hit) Coen Dirks to second
|
Batting: RHB Jaime Rios
|
0-0: Ball Coen Dirks steals 3rd base Tsugio Yamaguchi to second 1-0: Called Strike 1-1: Ball 2-1: Foul Ball, location: 2F 2-2: Ball 3-2: Strikes out swinging
|
Batting: LHB Dennis Jones
|
0-0: Ball 1-0: Foul Ball, location: 2F 1-1: Ball 2-1: Called Strike 2-2: Strikes out swinging
|
Bottom of the 5th over - 0 runs, 2 hits, 0 errors, 2 left on base; Missoula 3 - San Francisco (APP) 3 |
TOP OF THE 6TH |
Missoula Osprey batting - Pitching for San Francisco (APP) Giants : RHP Josh Henderson
|
Batting: RHB Claude Leduc
|
0-0: Ball 1-0: Foul Ball, location: 2F 1-1: DOUBLE (Line Drive, 8LXD, EV 101.9 MPH) - OUT at third base trying to stretch hit.
|
Batting: RHB Jose Cuellar
|
0-0: Called Strike 0-1: Ball 1-1: Called Strike 1-2: Strikes out swinging
|
Batting: LHB Angelo Lira
|
0-0: SOLO HOME RUN (Line Drive, 9LD, EV 100.6 MPH), Distance : 374 ft
|
Batting: RHB David Powell
|
0-0: SINGLE (Groundball, 56D, EV 95.6 MPH)
|
Batting: RHB Shing Mah
|
0-0: Ball 1-0: SINGLE (Groundball, 56D, EV 100.6 MPH) David Powell to second
|
Batting: RHB Hector Tabares
|
0-0: Ball 1-0: Ball 2-0: Called Strike 2-1: Foul Ball, location: 2F 2-2: Ball 3-2: Base on Balls David Powell to third Shing Mah to second
|
Batting: LHB Adam Spence
|
0-0: Called Strike 0-1: Swinging Strike 0-2: Strikes out swinging
|
Top of the 6th over - 1 run, 4 hits, 0 errors, 3 left on base; Missoula 4 - San Francisco (APP) 3 |
BOTTOM OF THE 6TH |
San Francisco (APP) Giants batting - Pitching for Missoula Osprey : RHP Jon Wernli
|
Pinch Hitting: LHB Chris West
|
0-0: Called Strike 0-1: Ball 1-1: Foul Ball, location: 2F 1-2: Strikes out swinging
|
Pinch Hitting: LHB Kuan Hsia
|
0-0: Called Strike 0-1: Foul Ball, location: 2F 0-2: SINGLE (Groundball, 4MD, EV 100.0 MPH)
|
Pinch Hitting: RHB Dave Perron
|
0-0: Ball 1-0: Ball 2-0: Foul Ball, location: 2F 2-1: Foul Ball, location: 2F 2-2: Strikes out looking
|
Batting: RHB Vinny Torres
|
0-0: Foul Ball, location: 2F 0-1: Swinging Strike 0-2: Ball 1-2: Fly out, F4 (Flyball, 4D, EV 90.6 MPH)
|
Bottom of the 6th over - 0 runs, 1 hit, 0 errors, 1 left on base; Missoula 4 - San Francisco (APP) 3 |
TOP OF THE 7TH |
Missoula Osprey batting - Pitching for San Francisco (APP) Giants : RHP Josh Henderson
|
Now at 3B: Cedric Sweep
|
|
Now in LF: Dave Perron
|
|
Now in CF: Vinny Torres
|
|
Now in RF: Kuan Hsia
|
|
Batting: LHB Danny Salas
|
0-0: Ball 1-0: Ball 2-0: Foul Ball, location: 2F 2-1: Called Strike 2-2: Foul Ball, location: 2F 2-2: SINGLE (Groundball, 15S, EV 70.6 MPH) (infield hit)
|
Pitching: RHP Russ Hudson
|
|
Batting: RHB Hyeok Shon
|
0-0: Ball 1-0: Ball Danny Salas is caught stealing 2nd base 2-4 2-0: Foul Ball, location: 2F 2-1: Swinging Strike 2-2: Ground out U3 (Groundball, 3, EV 85.0 MPH)
|
Batting: RHB Claude Leduc
|
0-0: Called Strike 0-1: DOUBLE (Flyball, 78XD, EV 93.1 MPH)
|
Batting: RHB Jose Cuellar
|
0-0: Ball 1-0: Swinging Strike 1-1: Foul Ball, location: 2F 1-2: Foul Ball, location: 2F 1-2: Strikes out swinging, 2-3 out at first.
|
Top of the 7th over - 0 runs, 2 hits, 0 errors, 1 left on base; Missoula 4 - San Francisco (APP) 3 |
BOTTOM OF THE 7TH |
San Francisco (APP) Giants batting - Pitching for Missoula Osprey : RHP Jon Wernli
|
Batting: RHB Coen Dirks
|
0-0: Ball 1-0: Ball 2-0: Called Strike 2-1: SINGLE (Groundball, 34D, EV 97.5 MPH)
|
Pitching: RHP Sergio Reyes
|
|
Batting: RHB Zach Maguire
|
0-0: Called Strike 0-1: SINGLE (Groundball, 34D, EV 101.2 MPH) Coen Dirks to second Throwing error, E9 Coen Dirks scores Zach Maguire to second
|
Batting: RHB Tsugio Yamaguchi
|
0-0: Called Strike 0-1: Ball 1-1: Ball Wild Pitch! Zach Maguire to third 2-1: Foul Ball, location: 2F 2-2: Foul Ball, location: 2F 2-2: Foul Ball, location: 2F 2-2: Fly out, F7 (Line Drive, 7LS, EV 107.5 MPH)
|
Batting: RHB Jaime Rios
|
0-0: Intentional Walk
|
Batting: LHB Dennis Jones
|
0-0: Ball 1-0: Called Strike 1-1: Ground out U3 (Groundball, 3S, EV 72.5 MPH) Zach Maguire scores Jaime Rios to second
|
Batting: SHB Cedric Sweep
|
0-0: Ball 1-0: Ball 2-0: Ball 3-0: Called Strike 3-1: Swinging Strike 3-2: Foul Ball, location: 2F 3-2: Foul Ball, location: 2F 3-2: Strikes out swinging
|
Bottom of the 7th over - 2 runs, 2 hits, 1 error, 1 left on base; Missoula 4 - San Francisco (APP) 5 |
TOP OF THE 8TH |
Missoula Osprey batting - Pitching for San Francisco (APP) Giants : RHP Russ Hudson
|
Batting: LHB Angelo Lira
|
0-0: Ball 1-0: Ball 2-0: Ball 3-0: Called Strike 3-1: Ground out 6-3 (Groundball, 56, EV 101.9 MPH)
|
Batting: RHB David Powell
|
0-0: Called Strike 0-1: Foul Ball, location: 2F 0-2: Ball 1-2: Ball 2-2: Strikes out swinging
|
Batting: LHB Falco van Koeveringe
|
0-0: Foul Ball, location: 2F 0-1: Ball 1-1: Ball 2-1: SOLO HOME RUN (Flyball, 89XD, EV 108.8 MPH), Distance : 433 ft
|
Pinch Hitting: LHB Nelson Pelico
|
0-0: Called Strike 0-1: Ball 1-1: Ground out 6-3 (Groundball, 56, EV 86.2 MPH)
|
Top of the 8th over - 1 run, 1 hit, 0 errors, 0 left on base; Missoula 5 - San Francisco (APP) 5 |
BOTTOM OF THE 8TH |
San Francisco (APP) Giants batting - Pitching for Missoula Osprey : RHP Sergio Reyes
|
Now at 3B: Nelson Pelico
|
|
Batting: LHB Kuan Hsia
|
0-0: Ball 1-0: Ball 2-0: Swinging Strike 2-1: Foul Ball, location: 2F 2-2: Ball 3-2: SOLO HOME RUN (Flyball, 89XD, EV 101.2 MPH), Distance : 423 ft
|
Batting: RHB Dave Perron
|
0-0: Called Strike 0-1: Ball 1-1: Foul Ball, location: 2F 1-2: Ball 2-2: SINGLE (Groundball, 6MD, EV 106.9 MPH)
|
Batting: RHB Vinny Torres
|
0-0: Ball 1-0: Ball Passed Ball! Dave Perron to second 2-0: Ground out 1-3 (Groundball, 13S, EV 62.5 MPH) Dave Perron to third
|
Batting: RHB Coen Dirks
|
0-0: Swinging Strike 0-1: Called Strike 0-2: Ball 1-2: Ball 2-2: 2-RUN HOME RUN (Flyball, 7D, EV 96.9 MPH), Distance : 375 ft
|
Pitching: RHP Javier Rosales
|
|
Batting: RHB Zach Maguire
|
0-0: Fly out, F7 (Flyball, 78M, EV 83.8 MPH)
|
Batting: RHB Tsugio Yamaguchi
|
0-0: Swinging Strike 0-1: SOLO HOME RUN (Flyball, 78XD, EV 107.5 MPH), Distance : 439 ft
|
Batting: RHB Jaime Rios
|
0-0: TRIPLE (Line Drive, 89XD, EV 112.5 MPH)
|
Batting: LHB Dennis Jones
|
0-0: Called Strike 0-1: Foul Ball, location: 2F 0-2: Foul Ball, location: 2F 0-2: Ball 1-2: Foul Ball, location: 2F 1-2: Foul Ball, location: 2F 1-2: Foul Ball, location: 2F 1-2: Strikes out looking
|
Bottom of the 8th over - 4 runs, 5 hits, 0 errors, 1 left on base; Missoula 5 - San Francisco (APP) 9 |
TOP OF THE 9TH |
Missoula Osprey batting - Pitching for San Francisco (APP) Giants : RHP Russ Hudson
|
Pinch Hitting: RHB Chris Jones
|
0-0: Foul Ball, location: 2F 0-1: Ball 1-1: Ball 2-1: Ball 3-1: Foul Ball, location: 2F 3-2: Strikes out swinging
|
Batting: LHB Danny Salas
|
0-0: Ball 1-0: Ball 2-0: Ball 3-0: Base on Balls
|
Pitching: RHP Corey Foster
|
|
Batting: RHB Hyeok Shon
|
0-0: Called Strike 0-1: Ball 1-1: Swinging Strike 1-2: Strikes out swinging
|
Batting: RHB Claude Leduc
|
0-0: Swinging Strike 0-1: Ball 1-1: Ground out 4-3 (Groundball, 34, EV 103.8 MPH)
|
Top of the 9th over - 0 runs, 0 hits, 0 errors, 1 left on base; Missoula 5 - San Francisco (APP) 9 |
|